 Dungeon Crawl Stone Soup version 0.29.1-15-g9cfb28693d (webtiles) character file.

Game seed: 5908998731706629688

30 McKennaii the Digger (level 2, 0/20 HPs)
             Began as a Demigod Earth Elementalist on Mar 2, 2023.
             Slain by a worm (9 damage)
             ... on level 2 of the Dungeon.
             The game lasted 00:00:58 (1339 turns).

McKennaii the Digger (Demigod Earth Elementalist)   Turns: 1339, Time: 00:00:58

Health: 0/20       AC:  2    Str:  9    XL:     2   Next: 87%
Magic:  5/8        EV: 12    Int: 17    God:
Gold:   43         SH:  0    Dex: 14    Spells: 4/5 levels left

rFire   + . .      SeeInvis .   e - staff of fire
rCold   . . .      Faith    .   (no shield)
rNeg    . . .      Spirit   .   a - +0 robe
rPois   .          Reflect  .   (no helmet)
rElec   .          Harm     .   (no cloak)
rCorr   .          Rampage  .   (no gloves)
Will    .....                   (no boots)
Stlth   ++........              (no amulet)
HPRegen 0.06/turn               (no ring)
MPRegen 0.11/turn               (no ring)

@: no status effects
A: high MP 1, forlorn, divine attributes
a: no special abilities


You were on level 2 of the Dungeon.
You visited 1 branch of the dungeon, and saw 2 of its levels.

You collected 43 gold pieces.

Inventory:

Armour
 a - a +0 robe (worn)
Magical Staves
 e - a staff of fire (weapon)
Scrolls
 d - a scroll of enchant weapon {unknown}
 f - a scroll of vulnerability {unknown}
 h - 2 scrolls of identify {unknown}
Potions
 b - a potion of magic
 c - a potion of attraction {unknown}
 g - 2 potions of curing {unknown}
 i - 2 potions of cancellation {unknown}


   Skills:
 - Level 1.7 Dodging
 - Level 1.7 Stealth
 + Level 2.4 Spellcasting
 - Level 0.8 Transmutations
 + Level 3.3 Earth Magic


You had 4 spell levels left.
You knew the following spells:

 Your Spells              Type           Power      Damage    Failure   Level
a - Sandblast             Erth           26%        2d8       4%          1

Your spell library contained the following spells:

 Spells                   Type           Power      Damage    Failure   Level
 Passwall                 Tmut/Erth      7%         N/A       12%         2
 Stone Arrow              Conj/Erth      14%        3d7       28%         3
 Ozocubu's Armour         Ice            2%         N/A       50%         3
 Petrify                  Tmut/Erth      9%         N/A       61%         4
 Metabolic Englaciation   Hex/Ice        1%         N/A       99%         5
 Simulacrum               Ice/Necr       1%         N/A       100%        6


Dungeon Overview and Level Annotations

Branches:
Dungeon (2/15)

Shops:
D:1 (?**


Innate Abilities, Weirdness & Mutations

You have an increased reservoir of magic. (+10% MP)
You shall have no god before yourself.
Your divine heritage dramatically boosts your attributes as you level up.


Message History

Sorry, I don't know how to get there.
Found 2 poisoned darts.
You see here 2 poisoned darts.
Found a stone staircase leading up.
Found 5 poisoned darts.
You now have 29 gold pieces (gained 4).
You see here 5 poisoned darts.
You open the door.
There is an open door here.
g - 2 coppery potions (gained 1)
You now have 43 gold pieces (gained 14).
You open the door.
A worm comes into view.
The blast of sand hits the worm.
The worm is moderately wounded.
You barely miss the worm.
The worm is lightly wounded.
A worm is nearby!
You hit the worm.
The worm is moderately wounded.
The worm bites you.
The blast of sand hits the worm.
The worm is moderately wounded.
The worm bites you.
A worm is nearby!
You are too injured to fight recklessly!
You are too injured to fight recklessly!
A worm is nearby!
You are too injured to fight recklessly!
You are too injured to fight recklessly!
You are too injured to fight recklessly!
Casting: Sandblast (safe; 4% risk of failure)
Confirm with . or Enter, or press ? or * to list all spells.
Aiming: Sandblast (safe; 4% risk of failure)
Press: ? - help, Shift-Dir - straight line, f/p - worm
Aim: a worm (moderately wounded, 94% to hit)
The blast of sand hits the worm!
The worm is severely wounded.
The worm bites you!
You die...

####### ######## #.....#
#...#....#
#######.....###........#
......'................+
##....#...........#....#
##....#...........#.....
......#####...........#
......##..............#
......##........@.....+
............####w#....#
............. ... ...#
..#.......... ..... ..#
###......... ....... .#
#........ ......... #
##.......###.........
##........
...........#.. ##.......
......######.##


You could see a worm.

Vanquished Creatures
  An endoplasm (D:1)
  4 giant cockroaches (D:1)
  4 goblins (D:1)
  3 hobgoblins (D:1)
  2 quokkas (D:1)
  4 ball pythons (D:1)
  2 bats (D:1)
  2 frilled lizards (D:1)
  2 kobolds (D:1)
  4 rats (D:1)
28 creatures vanquished.

Notes
Turn   | Place    | Note
-------+----------+-------------------------------------------
     0 | D:1      | McKennaii the Demigod Earth Elementalist began the quest
                  | for the Orb.
     0 | D:1      | Reached XP level 1. HP: 14/14 MP: 5/5
    74 | D:1      | Found Mivec's Antique Weapon Shoppe.
   313 | D:1      | Reached skill level 3 in Earth Magic
   382 | D:1      | Found Liebyo's Assorted Antiques.
   419 | D:1      | Reached XP level 2. HP: 20/20 MP: 5/7
   462 | D:1      | Found Ownutaed's Magic Scroll Shoppe.
   746 | D:1      | Found Ynywko's General Store.
  1339 | D:2      | Slain by a worm

Illustrated notes

Levels and vault maps discovered:
D:1:      minmay_arrival_shattered_statue, layout_basic, serial_shops,
          nicolae_shop_temple_entry_statues_fountains, shop, shop,
          nicolae_shop_window_shopping
D:2:      layout_basic, kennysheep_cross_room

Skill      XL: |  1 |
---------------+----+-----
Spellcasting   | 2 |  2.4
Earth Magic    | 3 |  3.3
Dodging        | |  1.7
Stealth        | |  1.7
Transmutations | |  0.8

Action                   || total
-------------------------++-------
Melee: Unarmed           ||    10
       Staff             ||    11
 Cast: Sandblast         ||    48
Armor: Robe              ||    10
Dodge: Dodged            ||    40
